 Dungeon Crawl Stone Soup version 0.27-a0-1196-g3e9cee4cb2 (webtiles) character file.

Game seed: 13532335380617797471

279 Strat the Grave Robber (level 6, 0/43 (45) HPs)
             Began as a Hill Orc Necromancer on May 27, 2021.
             Shot with an arrow by a centaur (3 damage)
             ... on level 8 of the Dungeon.
             The game lasted 00:06:45 (4101 turns).

Strat the Grave Robber (Hill Orc Necromancer)       Turns: 4101, Time: 00:06:45

HP:   0/43 (45)     AC:  6    Str: 13    XL:     6   Next: 26%
MP:   8/8           EV: 10    Int: 15    God:
Gold: 176           SH:  0    Dex: 11    Spells: 3/8 levels left

rFire    . . .     SeeInvis .   i - +0 spear
rCold    . . .     Faith    .   (no shield)
rNeg     . . .     Spirit   .   f - +0 ring mail
rPois    .         Reflect  .   (no helmet)
rElec    .         Harm     .   (no cloak)
rCorr    .         Rampage  .   (no gloves)
Will     .....                  g - +0 pair of boots
Stlth    +.........             (no amulet)
HPRegen  0.14/turn              (no ring)
MPRegen  0.11/turn              (no ring)

@: lightly drained
A: no striking features
a: no special abilities


You were on level 8 of the Dungeon.
You visited 1 branch of the dungeon, and saw 6 of its levels.

You collected 176 gold pieces.

Inventory:

Hand Weapons
 b - a +0 whip
 i - a +0 spear (weapon)
Missiles
 d - 19 poisoned darts
 e - 100 stones
Armour
 f - a +0 ring mail (worn)
 g - a +0 pair of boots (worn)
Wands
 o - a wand of mindburst (9)
Scrolls
 a - 2 scrolls of fear
 l - a scroll of amnesia
Potions
 c - a potion of degeneration
 h - 2 potions of brilliance {unknown}
 p - a potion of might {unknown}


   Skills:
 + Level 0.0 Fighting
 - Level 1.5 Dodging
 - Level 1.5 Stealth
 - Level 1.5 Spellcasting
 + Level 7.3 Necromancy


You had 3 spell levels left.
You knew the following spells:

 Your Spells              Type           Power      Damage    Failure   Level
a - Pain                  Necr           92%        1d8       2%          1
b - Animate Skeleton      Necr           46%        N/A       2%          1
c - Vampiric Draining     Necr           11%        2d7       8%          3

Your spell library contained the following spells:

 Spells                   Type           Power      Damage    Failure   Level
 Animate Dead             Necr           11%        N/A       24%         4
 Agony                    Necr           23%        N/A       56%         5


Dungeon Overview and Level Annotations

Branches:
Dungeon (8/15)
 Temple: D:4-7         Lair: D:8-11

Altars:
Hepliaklqana


Message History

The centaur wields a +0 shortbow.
The centaur shoots an arrow.
The arrow hits you.
* * * LOW HITPOINT WARNING * * *
The centaur shoots an arrow.
The arrow hits you.
* * * LOW HITPOINT WARNING * * *
Found a whip.
You feel better.
The centaur shoots an arrow.
The arrow hits you!
* * * LOW HITPOINT WARNING * * *
The wight misses you.
The centaur shoots an arrow.
The arrow barely misses you.
A water moccasin skeleton comes into view.
The centaur shoots an arrow.
The arrow hits you.
* * * LOW HITPOINT WARNING * * *
The centaur shoots an arrow.
The arrow barely misses you.
A wight comes into view. It is wielding a +0 battleaxe.
Found a stone staircase leading down.
There is a stone staircase leading down here.
The wight hits you with a +1 falchion.
* * * LOW HITPOINT WARNING * * *
You feel drained.
* * * LOW HITPOINT WARNING * * *
The centaur unwields a +0 shortbow.
The centaur hits you but does no damage.
The centaur kicks you.
* * * LOW HITPOINT WARNING * * *
You climb downwards.
Found a white potion, a mace and a pair of boots.
Found a stone staircase leading down.
There is a stone staircase leading up here.
You hit the centaur but do no damage.
The centaur hits you but does no damage.
The centaur kicks you but does no damage.
The wight completely misses you. The centaur hits you.
* * * LOW HITPOINT WARNING * * *
The centaur kicks you but does no damage.
The wight barely misses you. The centaur barely misses you.
The centaur kicks you but does no damage.
The centaur wields a +0 shortbow.
The centaur shoots an arrow.
The arrow hits you.
You die...

#.... #.# #.. ..
#.##### #...
.###.#... ....
..#.#.#####
###..##..........
..............###
..!.........>....
#.z.@....#
#.c#.#.#.#
#..#.....
#..#....)#
#..#.....#
#..#.....#
#..#.#.#.#
#.[#.#.#.#


You could see a centaur and a wight (inner flame).

Vanquished Creatures
  A scorpion (D:4)
  A hound (D:4)
  An orc wizard (D:3)
  Natasha (thrice) (D:3)
  5 adders
  4 orcs (D:3)
  10 ball pythons
  3 bats
  2 endoplasms
  2 giant cockroaches
  5 goblins
  2 jackals (D:1)
  2 quokkas
  4 frilled lizards
  5 kobolds
  4 rats
54 creatures vanquished.

Notes
Turn   | Place    | Note
-------+----------+-------------------------------------------
     0 | D:1      | Strat the Hill Orc Necromancer began the quest for the Orb.
     0 | D:1      | Reached XP level 1. HP: 14/14 MP: 3/3
   604 | D:1      | Reached XP level 2. HP: 20/20 MP: 4/4
  1311 | D:2      | Reached skill level 5 in Necromancy
  1311 | D:2      | Reached XP level 3. HP: 14/26 MP: 1/5
  1473 | D:2      | Learned a level 1 spell: Animate Skeleton
  1477 | D:2      | Learned a level 3 spell: Vampiric Draining
  2461 | D:3      | Reached XP level 4. HP: 29/33 MP: 2/6
  2529 | D:3      | Found a faded altar of an unknown god.
  2754 | D:3      | Reached skill level 6 in Necromancy
  2839 | D:3      | Noticed Natasha
  2848 | D:3      | Killed Natasha
  2849 | D:3      | Reached XP level 5. HP: 28/38 MP: 1/7
  2979 | D:3      | Noticed Natasha
  3001 | D:3      | Killed Natasha
  3232 | D:3      | Found a hazy altar of Hepliaklqana.
  3286 | D:3      | Noticed Natasha
  3294 | D:3      | Killed Natasha
  3536 | D:4      | Reached skill level 7 in Necromancy
  3536 | D:4      | Reached XP level 6. HP: 10/45 MP: 1/8
  4071 | D:4      | You fall into a shaft and drop 3 floors!
  4072 | D:7      | Noticed an ice beast
  4099 | D:8      | HP: 2/43 [centaur (2)]
  4101 | D:8      | Shot with an arrow by a centaur

Illustrated notes

Levels and vault maps discovered:
D:1:      sevenhm_arrival_forest_fort_large_4, layout_rooms,
          serial_corexii_hall, corexii_hall_statues_s,
          chequers_hall_statues_wall_a
D:2:      layout_basic
D:3:      layout_rooms, nzn_hepliaklqana_mist_gate,
          hellmonk_ecumenical_altar_pennies_from_heaven, palyth_stone_intersect,
          uniq_natasha
D:4:      layout_basic, serial_co_window_serial, co_window_paths_b,
          co_window_cross_1, co_window_of_opportunity_a, co_window_corner_a,
          co_window_corner_a, co_window_paths_a, co_window_paths_a,
          co_window_broadway_c, co_window_corner_b, co_window_paths_c,
          co_window_4corner_a, glass_columns_a, glass_columns_b,
          glass_columns_b, glass_columns_a, glass_columns_c
D:7:      layout_cave_pools, gammafunk_temple_overflow_elements,
          marbit_many_paths, hex_tiny, minmay_bent
D:8:      minmay_distorted_concentric_squares, layout_basic,
          lemuel_doored_altar, uniq_pikel, uniq_harold

Skill      XL: |  1  2  3  4  5 |
---------------+----------------+-----
Necromancy     | 5 6 7 |  7.3
Dodging        | |  1.5
Stealth        | |  1.5
Spellcasting   | |  1.5

Action                   |  1- 3 |  4- 6 || total
-------------------------+-------+-------++-------
Melee: Whip              |    35 |       ||    35
       Unarmed           |     4 |       ||     4
       Spear             |    29 |    52 ||    81
 Cast: Pain              |    35 |    28 ||    63
       Vampiric Draining |       |     2 ||     2
  Use: Potion            |       |     3 ||     3
       Scroll            |       |     5 ||     5
Armor: Leather armour    |     1 |       ||     1
       Ring mail         |    25 |    27 ||    52
Dodge: Dodged            |    53 |    49 ||   102

Table legend: (Time is in decaauts)
 A = Elapsed time spent in this place.
 B = Non-inter-level travel time spent in this place.
 C = Inter-level travel time spent in this place.
 D = Time resting spent in this place.
 E = Time spent auto-exploring this place.
 F = Levels seen in this place.
 G = Mean time per level.
                   A        B        C        D        E       F      G
               +--------+--------+--------+--------+--------+-----+--------+
         Total |   4118 |   4025 |     93 |   1624 |   1803 |   6 |  686.3 |
       Dungeon |   4118 |   4025 |     93 |   1624 |   1803 |   6 |  686.3 |
               +--------+--------+--------+--------+--------+-----+--------+

Top non-repeatable levels by time:
     D:2: 1268 daAuts
     D:1: 1136 daAuts
     D:3: 1118 daAuts
     D:4: 566 daAuts
     D:7: 26 daAuts
     D:8: 2 daAuts
